[Event "ICC Open 2015"]
[Site "Internet Chess Club"]
[Date "2015.05.30"]
[Round "7"]
[White "noyb"]
[Black "mockingbird"]
[Result "1-0"]
[ICCResult "Black resigns"]
[WhiteElo "2023"]
[BlackElo "2239"]
[Opening "Queen's bishop game"]
[ECO "D02"]
[NIC "QP.08"]
[Time "15:23:19"]
[TimeControl "180+0"]

1. d4 d5 2. Nf3 Nf6 3. Bf4 c5 4. c3 Qb6 5. Qb3 c4 6. Qxb6 axb6 7. Nbd2 Na6
8. a3 e6 9. Rb1 Nh5 10. Bg3 Nxg3 11. hxg3 Bd6 12. e4 O-O 13. Be2 Nc7 14. O-O
b5 15. e5 Be7 16. Ne1 f6 17. f4 fxe5 18. fxe5 Bd7 19. Nc2 Rxf1+ 20. Rxf1 Rf8
21. Rxf8+ Kxf8 22. Nf3 Be8 23. Kf2 Bg6 24. Ne3 h6 25. Nh4 Bh7 26. Bd1 Bb1
27. Bh5 Bxh4 28. gxh4 Be4 29. Bd1 g6 30. g4 Ne8 31. Nf1 Ng7 32. Ng3 Bd3 33.
Ke3 Ke7 34. Kf4 Kf7 35. Bf3 Ne8 36. Bd1 Nc7 37. Ke3 Na8 38. Ne2 Nb6 39. Nf4
Be4 40. Ne2 Kg7 41. Ng3 Bd3 42. Kf4 Kf7 43. Ke3 g5 44. hxg5 hxg5 45. Nh5 Bf1
46. Nf6 Bh3 47. Kf3 Bf1 48. Kf2 Bd3 49. Ke3 Ke7 50. Kf3 Nd7 51. Nh5 Be4+ 52.
Ke3 Bg6 53. Ng3 Nb6 54. Kd2 Kd7 55. Nf1 Kc7 56. Nh2 Kb8 57. Nf3 Nd7 58. Nxg5
Kc7 59. Nxe6+ Kc6 60. Nf4 Nb6 61. Nxg6 Kd7 62. Nf4 {Black resigns} 1-0

[Event "ICC Open 2015"]
[Site "Internet Chess Club"]
[Date "2015.05.30"]
[Round "7"]
[White "Turlock"]
[Black "BoardLord"]
[Result "0-1"]
[ICCResult "White forfeits on time"]
[WhiteElo "1821"]
[BlackElo "2238"]
[Opening "Queen's pawn: London system"]
[ECO "A45"]
[NIC "QP.07"]
[Time "15:23:45"]
[TimeControl "180+0"]

1. d4 Nf6 2. Bf4 c5 3. e3 Qb6 4. b3 cxd4 5. exd4 Nc6 6. Nf3 d6 7. c4 Bg4 8.
Be3 d5 9. c5 Qa5+ 10. Qd2 Bxf3 11. gxf3 Qxd2+ 12. Kxd2 g6 13. Nc3 a6 14. a3
Bg7 15. Rb1 O-O-O 16. b4 e5 17. dxe5 Nxe5 18. Ne2 d4 19. Bf4 Nxf3+ 20. Kd3
Nd5 21. Bg3 f5 22. Bg2 Ne5+ 23. Bxe5 Bxe5 24. Bxd5 Rxd5 25. f4 Bf6 26. Rhf1
Re8 27. Rbd1 Re3+ 28. Kd2 Rxa3 29. Nc1 d3 30. Nxd3 Raxd3+ 31. Kc2 Rxd1
{White forfeits on time}
0-1

[Event "ICC Open 2015"]
[Site "Internet Chess Club"]
[Date "2015.05.30"]
[Round "7"]
[White "LordKinbote"]
[Black "cap78red"]
[Result "0-1"]
[ICCResult "White forfeits on time"]
[WhiteElo "1372"]
[BlackElo "1384"]
[Opening "Alekhine's defense: modern, fianchetto variation"]
[ECO "B04"]
[NIC "AL.04"]
[Time "15:22:51"]
[TimeControl "180+0"]

1. e4 Nf6 2. e5 Nd5 3. d4 d6 4. Nf3 g6 5. c4 Nb6 6. Bd3 Bg7 7. exd6 cxd6 8.
Be3 Qc7 9. O-O Nxc4 10. Nc3 Na6 11. Qb3 Be6 12. d5 Bxc3 13. bxc3 Nxe3 14.
fxe3 Bd7 15. e4 O-O 16. Qc2 Nc5 17. Be2 f5 18. Ng5 Nxe4 19. Nxe4 fxe4 20.
Qxe4 Rxf1+ 21. Rxf1 Rf8 22. Qxe7 Rxf1+ 23. Kxf1 Qc8 24. c4 Qf8+ 25. Qxf8+
Kxf8 26. Kf2 Kf7 27. Ke3 Kf6 28. g3 Ke5 29. h4 h5 30. a3 a5 31. Bd3 Bf5 32.
Bxf5 gxf5 33. a4 b6 34. Kd3 f4 35. gxf4+ Kxf4 36. Kd4 Kg4 37. Ke4 Kxh4 38.
Kf5 Kg3 39. Ke6 h4 40. Kxd6 h3 41. Kc7 h2 42. d6 h1=Q 43. d7 Qh7 44. Kxb6
Qxd7 45. Kxa5 Qc7+ 46. Kb5 Kf4 47. c5 Ke5 48. a5 Kd5 49. a6 Qxc5+ 50. Ka4
Qa7 51. Ka5 Kc4 {White forfeits on time} 0-1

[Event "ICC Open 2015"]
[Site "Internet Chess Club"]
[Date "2015.05.30"]
[Round "7"]
[White "Redbaron"]
[Black "yaguaro"]
[Result "1-0"]
[ICCResult "Black resigns"]
[WhiteElo "2510"]
[BlackElo "1999"]
[Opening "Old Indian: Tartakower (Wade) variation"]
[ECO "A41"]
[NIC "QO.17"]
[Time "15:24:34"]
[TimeControl "180+0"]

1. d4 d6 2. Nf3 Bg4 3. c4 Nd7 4. Nc3 e5 5. dxe5 dxe5 6. h3 Bh5 7. e3 Ngf6 8.
Be2 Be7 9. O-O O-O 10. Nd2 Bxe2 11. Qxe2 c6 12. Rd1 Qc7 13. b3 Rad8 14. Bb2
Rfe8 15. Nf1 Bf8 16. Ng3 g6 17. Nce4 Nxe4 18. Nxe4 f5 19. Rxd7 Rxd7 20. Nf6+
Kf7 21. Nxd7 Qxd7 22. Rd1 Qc7 23. Qd2 Bg7 24. f4 Re7 25. Ba3 c5 26. Qd5+ Kf8
27. Bxc5 Ke8 28. Bxe7 Kxe7 29. Qg8 Kf6 30. Qd8+ Qxd8 31. Rxd8 exf4 32. exf4
Bh6 33. g3 g5 34. fxg5+ Bxg5 35. Rd7 Be3+ 36. Kg2 h5 37. Rxb7 Kg5 38. Kf3
Bc5 39. b4 Bd4 40. c5 {Black resigns} 1-0

[Event "ICC Open 2015"]
[Site "Internet Chess Club"]
[Date "2015.05.30"]
[Round "7"]
[White "RaHrAhRaHeHs"]
[Black "Kastor"]
[Result "0-1"]
[ICCResult "White resigns"]
[WhiteElo "2389"]
[BlackElo "2908"]
[Opening "English: symmetrical variation"]
[ECO "A30"]
[NIC "EO.64"]
[Time "15:23:00"]
[TimeControl "180+0"]

1. c4 c5 2. g3 Nc6 3. Bg2 g6 4. Nf3 Bg7 5. O-O e5 6. Nc3 Nge7 7. Ne1 d6 8.
a3 Be6 9. Nd5 O-O 10. d3 Rb8 11. Rb1 b5 12. Bg5 f6 13. Be3 b4 14. axb4 Nxb4
15. Nxb4 Rxb4 16. Nc2 Rb3 17. Na3 Rb6 18. Qd2 Qb8 19. Nb5 a6 20. Nc3 Qc7 21.
Nd5 Bxd5 22. cxd5 Rfb8 23. Rfc1 Qb7 24. Rc2 Kh8 25. Qa5 Rb5 26. Qa4 Nf5 27.
h3 Nxe3 28. fxe3 Bh6 29. Kf2 f5 30. Rc4 a5 31. Bf3 Qe7 32. Qc2 f4 33. exf4
exf4 34. Qc3+ Bg7 35. Qd2 fxg3+ 36. Kg2 Be5 37. Ra4 Qd8 38. Bg4 Rxb2 39.
Rxb2 Rxb2 40. Qxa5 Qf6 41. Qa8+ Kg7 42. Ra7+ Kh6 43. Bf3 Rxe2+ {White
resigns} 0-1

[Event "ICC Open 2015"]
[Site "Internet Chess Club"]
[Date "2015.05.30"]
[Round "7"]
[White "MasterZachary"]
[Black "Rinazina46"]
[Result "0-1"]
[ICCResult "White resigns"]
[WhiteElo "2181"]
[BlackElo "1921"]
[Opening "Sicilian: Anderssen variation"]
[ECO "B41"]
[NIC "SI.41"]
[Time "15:22:51"]
[TimeControl "180+0"]

1. e4 c5 2. Nf3 e6 3. d4 cxd4 4. Nxd4 Nf6 5. Nc3 Nc6 6. Ndb5 Bb4 7. a3 Bxc3+
8. Nxc3 d5 9. exd5 exd5 10. Qe2+ Be6 11. Bg5 d4 12. Ne4 Qa5+ 13. Bd2 Qe5 14.
Nxf6+ Qxf6 15. O-O-O O-O 16. Qe4 Bf5 17. Qf4 Qg6 18. Re1 Bxc2 19. Bc4 Bb1
20. Bb3 Rac8 21. Kd1 a5 22. Qg3 Qh5+ 23. f3 Bg6 24. Ba4 Rfe8 25. Rxe8+ Rxe8
26. Bxc6 bxc6 27. Kc1 Qf5 28. Qxg6 hxg6 29. h4 Qd3 30. h5 gxh5 31. Rxh5 Re2
{White resigns}
0-1

[Event "ICC Open 2015"]
[Site "Internet Chess Club"]
[Date "2015.05.30"]
[Round "7"]
[White "oapa"]
[Black "geilgambler"]
[Result "0-1"]
[ICCResult "White forfeits on time"]
[WhiteElo "1520"]
[BlackElo "1742"]
[Opening "Caro-Kann: Goldman (Spielmann) variation"]
[ECO "B11"]
[NIC "CK.01"]
[Time "15:23:01"]
[TimeControl "180+0"]

1. e4 c6 2. Nc3 d5 3. Qf3 dxe4 4. Nxe4 Nf6 5. Bc4 e6 6. d3 Nbd7 7. Bb3 Be7
8. Qg3 g6 9. Bh6 Nh5 10. Qh3 Nc5 11. Nxc5 Bxc5 12. Ne2 a5 13. a4 Qf6 14. O-O
Bd6 15. f4 Ng7 16. Bg5 Qxb2 17. d4 e5 18. Qd3 Bf5 19. Qc4 Be6 20. Qd3 Bxb3
21. cxb3 exd4 22. Nxd4 O-O 23. Kh1 c5 {White forfeits on time} 0-1

[Event "ICC Open 2015"]
[Site "Internet Chess Club"]
[Date "2015.05.30"]
[Round "7"]
[White "BOBCATS"]
[Black "truufseir"]
[Result "1-0"]
[ICCResult "Black forfeits on time"]
[WhiteElo "2047"]
[BlackElo "1601"]
[Opening "QGD: Albin counter-gambit"]
[ECO "D08"]
[NIC "QG.02"]
[Time "15:23:34"]
[TimeControl "180+0"]

1. d4 d5 2. c4 e5 3. cxd5 Qxd5 4. Nc3 Bb4 5. Bd2 Qxd4 6. Qa4+ Nc6 7. Nf3 Qd6
8. Ne4 Bxd2+ 9. Nexd2 Bg4 10. Ne4 Qb4+ 11. Qxb4 Nxb4 12. O-O-O f6 13. a3
Na2+ 14. Kb1 Bf5 15. Nd2 Be6 16. Nc5 Bf7 17. Nxb7 Rb8 18. Nc5 Nc3+ 19. Kc2
Nxd1 20. Kxd1 Rxb2 21. e4 Ra2 22. a4 Ne7 23. Bd3 Ra1+ 24. Bb1 O-O 25. Ke2
Nc6 26. Rc1 Nd4+ 27. Ke3 f5 28. f4 fxe4 29. fxe5 Nc6 30. e6 Bg6 31. Nd7 Ne5
32. Nxe4 Re8 33. Ndc5 Nc4+ 34. Kd4 Na3 35. Nc3 Nxb1 36. Nb3 Nxc3 37. Rxa1
{Black forfeits on time}
1-0

[Event "ICC Open 2015"]
[Site "Internet Chess Club"]
[Date "2015.05.30"]
[Round "7"]
[White "carpenterdale"]
[Black "arobertdennis"]
[Result "0-1"]
[ICCResult "White forfeits on time"]
[WhiteElo "1281"]
[BlackElo "1704"]
[Opening "Queen's pawn game"]
[ECO "D00"]
[NIC "QP.08"]
[Time "15:24:08"]
[TimeControl "180+0"]

1. d4 d5 2. e3 c6 3. c4 Nf6 4. Nc3 Bf5 5. Nf3 e6 6. a3 Be7 7. c5 O-O 8. b4
Nbd7 9. Be2 a5 10. Bb2 axb4 11. axb4 Rxa1 12. Bxa1 Qc7 13. b5 Ra8 14. O-O
Ne4 15. Nxe4 Bxe4 16. Ne5 Nxe5 17. dxe5 Bxc5 18. bxc6 bxc6 19. Bd3 Bxd3 20.
Qxd3 h6 21. g3 Ra2 22. Qc3 Qa7 23. Bb2 Be7 24. Rb1 c5 25. Kg2 c4 26. Kf3 Ra4
27. Qd4 Bc5 28. Qf4 Rb4 29. g4 c3 {White forfeits on time} 0-1

[Event "ICC Open 2015"]
[Site "Internet Chess Club"]
[Date "2015.05.30"]
[Round "7"]
[White "auket40"]
[Black "DieBlaueSau"]
[Result "1-0"]
[ICCResult "Black checkmated"]
[WhiteElo "1643"]
[BlackElo "2467"]
[Opening "Queen's pawn game"]
[ECO "D02"]
[NIC "QP.08"]
[Time "15:22:54"]
[TimeControl "180+0"]

1. d4 d5 2. Nf3 e6 3. g3 Nf6 4. Bg2 Be7 5. O-O O-O 6. h3 b6 7. c4 Bb7 8. Ne5
c6 9. Nc3 Nbd7 10. Bf4 Rc8 11. Rc1 c5 12. cxd5 Nxd5 13. Nxd5 Bxd5 14. e4
Bxa2 15. Qa4 cxd4 16. Nxd7 Qxd7 17. Qxd7 Bc5 18. Qa4 e5 19. Qxa2 exf4 20.
gxf4 Rfd8 21. Rfd1 d3 22. b4 d2 23. Rxd2 Bxb4 24. Rxd8+ Rxd8 25. Qxa7 Bc5
26. Rxc5 bxc5 27. Qxc5 h6 28. e5 Rd1+ 29. Kh2 g6 30. Kg3 Rd3+ 31. f3 Kg7 32.
Qc4 Rd2 33. Qc3 Re2 34. e6+ Kf8 35. exf7 Re7 36. Qf6 Rxf7 37. Qxg6 Rg7 38.
Qxg7+ Kxg7 39. Kh4 Kg6 40. Bf1 h5 41. Bd3+ Kh6 42. Be4 Kg7 43. Kxh5 Kf6 44.
Kg4 Kg7 45. h4 Kf6 46. h5 Kg7 47. Kg5 Kh8 48. h6 Kg8 49. Bg6 Kh8 50. f5 Kg8
51. f6 Kh8 52. f4 Kg8 53. f7+ Kf8 54. h7 Ke7 55. h8=Q Ke6 56. Qe5+ Kd7 57.
f5 Kc6 58. f8=Q Kb7 59. Qf7+ Kc6 60. Qff6+ Kd7 61. Qee7+ Kc8 62. Qff8#
{Black checkmated}
1-0

[Event "ICC Open 2015"]
[Site "Internet Chess Club"]
[Date "2015.05.30"]
[Round "7"]
[White "fearlessone"]
[Black "PADILLON2189"]
[Result "0-1"]
[ICCResult "White forfeits on time"]
[WhiteElo "1700"]
[BlackElo "2073"]
[Opening "Van't Kruijs opening"]
[ECO "A00"]
[Time "15:23:28"]
[TimeControl "180+0"]

1. e3 d5 2. Ne2 Nf6 3. d3 e5 4. Nd2 c5 5. g3 Nc6 6. Bg2 Bg4 7. O-O Bd6 8. b3
O-O 9. Bb2 Qe7 10. a3 Rfe8 11. Qe1 Rad8 12. Nc3 Bb8 13. h3 Be6 14. f4 d4 15.
Nce4 dxe3 16. Qxe3 Nxe4 17. Nxe4 exf4 18. gxf4 Nd4 19. Rf2 a6 20. Re1 Ba7
21. Qg3 Nf5 22. Qf3 c4 23. bxc4 Qh4 24. Kh2 Bxf2 25. Nxf2 b5 26. cxb5 axb5
27. Rg1 Bd5 28. Ne4 Bxe4 29. dxe4 Nd4 30. Bxd4 Rxd4 31. f5 Rdxe4 32. f6 Rf4
33. Qc6 Rd8 34. Rd1 Rf8 {White forfeits on time} 0-1

[Event "ICC Open 2015"]
[Site "Internet Chess Club"]
[Date "2015.05.30"]
[Round "7"]
[White "Lightlike"]
[Black "Agilemaster"]
[Result "1-0"]
[ICCResult "Black forfeits on time"]
[WhiteElo "2644"]
[BlackElo "2038"]
[Opening "Scotch game"]
[ECO "C45"]
[NIC "SO.04"]
[Time "15:23:02"]
[TimeControl "180+0"]

1. e4 e5 2. Nf3 Nc6 3. d4 exd4 4. Nxd4 Qf6 5. Nxc6 Bc5 6. Qf3 dxc6 7. Nc3
Be6 8. Bd3 O-O-O 9. Qg3 Qg6 10. Bd2 Nf6 11. f3 Kb8 12. O-O-O Nh5 13. Qg5 Bd4
14. g4 Nf6 15. Qf4 Bxc3 16. Bxc3 Nd7 17. h4 f6 18. Kb1 Qf7 19. b3 Rhe8 20.
Rhe1 Nb6 21. Bb2 Bd7 22. g5 Rf8 23. gxf6 gxf6 24. Rg1 Be6 25. Qh6 Rg8 26.
Qxf6 Qxf6 27. Bxf6 Rdf8 28. e5 Nd5 29. Bxh7 Nc3+ 30. Ka1 Nxd1 31. Bxg8 Rxg8
32. Rxd1 b6 33. h5 Bf5 34. h6 Rg2 35. Rc1 Rh2 36. Bg7 Kc8 37. Kb2 Kd7 38.
Kc3 Ke6 39. a4 Bg6 40. f4 Bh7 41. Kb2 Rf2 42. Bf6 Rxf4 43. Rg1 Be4 44. Rg7
{Black forfeits on time}
1-0

[Event "ICC Open 2015"]
[Site "Internet Chess Club"]
[Date "2015.05.30"]
[Round "7"]
[White "Radja"]
[Black "Sunbear"]
[Result "1-0"]
[ICCResult "Black resigns"]
[WhiteElo "2399"]
[BlackElo "1945"]
[Opening "French defense"]
[ECO "C01"]
[NIC "VO.03"]
[Time "15:24:02"]
[TimeControl "180+0"]

1. e4 e6 2. d4 b6 3. Bd3 Bb7 4. Nf3 Nf6 5. Qe2 d5 6. e5 Nfd7 7. O-O c5 8. c3
Nc6 9. a3 Be7 10. Bf4 O-O 11. Nbd2 Rc8 12. Rac1 Qe8 13. Bg5 f6 14. exf6 Bxf6
15. Rfe1 cxd4 16. Bxf6 Rxf6 17. cxd4 Qh5 18. h3 Rcf8 19. Bb5 e5 20. Bxc6 e4
21. Bxb7 exf3 22. Nxf3 Rxf3 23. gxf3 Nf6 24. Qe6+ Kh8 25. Rc8 Rxc8 26. Qxc8+
Ng8 27. Re8 Qg5+ 28. Kh1 Qc1+ 29. Kg2 Qg5+ 30. Qg4 h6 31. Qxg5 hxg5 32. Bxd5
Kh7 33. Bxg8+ Kg6 34. Rf8 b5 35. Be6 a5 36. Bf5+ {Black resigns} 1-0

[Event "ICC Open 2015"]
[Site "Internet Chess Club"]
[Date "2015.05.30"]
[Round "7"]
[White "Bundestrainer"]
[Black "paulleon"]
[Result "0-1"]
[ICCResult "White forfeits on time"]
[WhiteElo "1833"]
[BlackElo "2054"]
[Opening "English: Neo-Catalan declined"]
[ECO "A00"]
[NIC "RE.08"]
[Time "15:23:10"]
[TimeControl "180+0"]

1. g3 e6 2. Bg2 d5 3. Nf3 Nf6 4. O-O Be7 5. c4 O-O 6. b3 b6 7. Bb2 Bb7 8. e3
c5 9. Nc3 Nc6 10. cxd5 Nxd5 11. Nxd5 exd5 12. d4 Bf6 13. Rc1 cxd4 14. Nxd4
Nxd4 15. Bxd4 Bxd4 16. Qxd4 Rc8 17. Rxc8 Qxc8 18. Bxd5 Bxd5 19. Qxd5 Qc2 20.
b4 Rc8 21. Rd1 g6 22. Qd2 Qa4 23. Qd7 Qc2 24. Rd2 Qc1+ 25. Kg2 Qc4 26. h4
Rf8 27. Qxa7 Qxb4 28. Rd7 Qe4+ 29. Kh2 b5 30. Qb7 Qf5 31. Kg2 Qc5 32. Rd5
Qc4 33. Qxb5 Qxa2 34. Qb7 Qc2 35. Rd7 Qc4 36. Qc7 Qe4+ 37. Kh2 Qf3 38. Kg1
Qe2 39. Qd6 Qf3 40. Rd8 Rxd8 41. Qxd8+ Kg7 42. Qd4+ Kg8 43. Qd8+ Kg7 44.
Qd4+ Kh6 45. Qf4+ Qxf4 46. exf4 Kg7 47. Kg2 Kf6 48. g4 Ke6 49. Kf3 Kd5 50.
Ke3 f5 51. g5 Kc4 52. Kf3 Kd3 53. Kg3 Ke2 54. h5 Kf1 55. Kf3 Kg1 56. Kg3 Kf1
57. Kf3 Ke1 58. Ke3 gxh5 59. Kf3 h4 60. Kg2 h3+ 61. Kxh3 Kxf2 62. Kh4 Kf3
63. Kh5 Kxf4 64. Kh6 Ke3 {White forfeits on time} 0-1

[Event "ICC Open 2015"]
[Site "Internet Chess Club"]
[Date "2015.05.30"]
[Round "7"]
[White "maki89"]
[Black "PCC"]
[Result "1-0"]
[ICCResult "Black forfeits on time"]
[WhiteElo "2386"]
[BlackElo "2088"]
[Opening "Sicilian: Alapin's variation (2.c3)"]
[ECO "B22"]
[NIC "SI.46"]
[Time "15:23:24"]
[TimeControl "180+0"]

1. e4 c5 2. c3 Nf6 3. e5 Nd5 4. Bc4 Nb6 5. Bb3 c4 6. Bc2 Nc6 7. Nf3 Qc7 8.
Qe2 g5 9. h3 Bg7 10. O-O Nxe5 11. Nxg5 d5 12. a4 Bd7 13. a5 Nc8 14. Re1 e6
15. a6 b6 16. Qh5 h6 17. Nf3 Nxf3+ 18. Qxf3 Nd6 19. d4 cxd3 20. Bxd3 O-O-O
21. Bf4 Rde8 22. Qg3 Bf8 23. Be5 Be7 24. Bxh8 Rxh8 25. Qg7 Qd8 26. Qg3 Rg8
27. Qf3 Bc6 28. Nd2 Qf8 29. Nb3 Qg7 30. Nd4 Ba8 31. g3 Kc7 32. Qf4 Kc8 33.
Qf3 Kc7 34. Rxe6 Kd7 35. Rxe7+ Kxe7 36. Re1+ Kd8 37. Qf4 Qf8 38. Qf6+
{Black forfeits on time}
1-0

[Event "ICC Open 2015"]
[Site "Internet Chess Club"]
[Date "2015.05.30"]
[Round "7"]
[White "Dark-Magician"]
[Black "oviwan68"]
[Result "1/2-1/2"]
[ICCResult "Game drawn by repetition"]
[WhiteElo "2303"]
[BlackElo "1959"]
[Opening "Queen's pawn: Yusupov-Rubinstein system"]
[ECO "A46"]
[NIC "QP.06"]
[Time "15:23:47"]
[TimeControl "180+0"]

1. d4 Nf6 2. Nf3 e6 3. e3 b6 4. Bd3 Bb7 5. Qe2 c5 6. Nbd2 Be7 7. O-O cxd4 8.
exd4 O-O 9. c3 d6 10. a4 a6 11. Re1 Re8 12. Ne4 Nbd7 13. Neg5 h6 14. Ne4
Nxe4 15. Bxe4 Bxe4 16. Qxe4 Nf6 17. Qh4 Qd7 18. Qg3 Kh7 19. Qh3 Ng8 20. Bf4
b5 21. axb5 axb5 22. Rxa8 Rxa8 23. Qh5 g6 24. Qh3 Bf6 25. Qg3 Ra6 26. h4 Bg7
27. h5 g5 28. Bxg5 hxg5 29. Nxg5+ Kh8 30. Qf4 Nh6 31. Re3 e5 32. Qe4 f5 33.
Qb1 Qa7 34. Re1 e4 35. Ne6 d5 36. Nc5 Ra2 37. Qc1 Ng4 38. Qg5 Bh6 39. Qxf5
Ra1 40. Qc8+ Kh7 41. Qf5+ Kh8 42. Qc8+ Kh7 43. Qf5+ Kh8 44. Qc8+
{Game drawn by repetition}
1/2-1/2

[Event "ICC Open 2015"]
[Site "Internet Chess Club"]
[Date "2015.05.30"]
[Round "7"]
[White "Meditator"]
[Black "PraPad"]
[Result "1-0"]
[ICCResult "Black resigns"]
[WhiteElo "2269"]
[BlackElo "1909"]
[Opening "Alekhine's defense: modern variation, 4...Bg4"]
[ECO "B05"]
[NIC "AL.03"]
[Time "15:24:37"]
[TimeControl "180+0"]

1. e4 Nf6 2. e5 Nd5 3. d4 d6 4. Nf3 Bg4 5. Be2 Nc6 6. c4 Nb6 7. e6 fxe6 8.
d5 Bxf3 9. gxf3 exd5 10. cxd5 Nb4 11. Nc3 Qd7 12. f4 g6 13. a3 Na6 14. Bb5
c6 15. dxc6 Qe6+ 16. Be3 Nc7 17. cxb7+ Nxb5 18. bxa8=R+ Nxa8 19. Nxb5 Bg7
20. Nd4 Qe4 21. Qf3 Qxf3 22. Nxf3 Nb6 23. Bxb6 axb6 24. O-O-O O-O 25. Ng5
Rxf4 26. Ne6 Rxf2 27. Nxg7 Kxg7 28. Rd2 Rf3 29. Re1 Kf6 30. Kc2 g5 31. Ree2
Kg6 32. Rf2 Re3 33. Rde2 Rxe2+ 34. Rxe2 e5 35. Kd3 Kf5 36. Rf2+ Kg4 37. Ke4
h5 38. Rg2+ Kh4 39. Kd5 g4 40. Kxd6 Kh3 41. Re2 g3 42. hxg3 Kxg3 43. Kxe5 h4
44. Kd5 h3 45. Kc6 h2 46. Re1 Kf2 47. Rh1 Kg2 48. Rxh2+ Kxh2 49. Kxb6
{Black resigns}
1-0

[Event "ICC Open 2015"]
[Site "Internet Chess Club"]
[Date "2015.05.30"]
[Round "7"]
[White "rookfish"]
[Black "VoltesV"]
[Result "0-1"]
[ICCResult "White forfeits on time"]
[WhiteElo "1199"]
[BlackElo "1574"]
[Opening "King's pawn opening"]
[ECO "B07"]
[NIC "VO.17"]
[Time "15:23:23"]
[TimeControl "180+0"]

1. e4 d6 2. Nf3 Nf6 3. Nc3 g6 4. d3 Bg7 5. Be2 O-O 6. O-O c5 7. Nd5 Bg4 8.
Bd2 Nc6 9. Nf4 e6 10. h3 Bxf3 11. Bxf3 d5 12. c3 Ne5 13. c4 Nxf3+ 14. Qxf3
dxe4 15. dxe4 Qxd2 16. Rad1 Qxb2 17. Rb1 Qd4 18. Rxb7 Qxe4 19. Qxe4 Nxe4 20.
Re1 Nd2 21. Rxe6 fxe6 22. Nxe6 Rf7 23. Rxf7 Kxf7 24. Ng5+ Kg8 25. Ne6 Rc8
26. f4 Bd4+ 27. Kh2 Nxc4 28. Kg3 Ne3 29. Nxd4 cxd4 30. Kf3 Rc3 31. Ke4 Nxg2
32. Kxd4 Rxh3 33. a4 Ra3 34. Ke4 Rxa4+ 35. Ke5 Nxf4 36. Kf6 h5 37. Kg5 Kg7
38. Kh4 Re4 39. Kg3 a5 40. Kf3 Rb4 41. Ke3 h4 42. Kf3 h3
{White forfeits on time}
0-1

[Event "ICC Open 2015"]
[Site "Internet Chess Club"]
[Date "2015.05.30"]
[Round "7"]
[White "vicmel"]
[Black "JOHEL"]
[Result "0-1"]
[ICCResult "White forfeits on time"]
[WhiteElo "1893"]
[BlackElo "1649"]
[Opening "Sicilian: Sveshnikov variation"]
[ECO "B33"]
[NIC "SI.38"]
[Time "15:22:52"]
[TimeControl "180+0"]

1. e4 c5 2. Nf3 Nc6 3. d4 cxd4 4. Nxd4 Nf6 5. Nc3 e5 6. Ndb5 d6 7. Bg5 a6 8.
Na3 b5 9. Bxf6 gxf6 10. Nd5 f5 11. Bd3 Ne7 12. Ne3 f4 13. Nd5 Bg7 14. Qh5
O-O 15. O-O Nxd5 16. exd5 f5 17. f3 Rf6 18. Qh4 Bb7 19. c4 b4 20. Nc2 a5 21.
Rad1 Qb6+ 22. Qf2 Qxf2+ 23. Kxf2 Re8 24. Rfe1 h5 25. Re2 Rf7 26. Rg1 Rfe7
27. Rge1 Ba6 28. b3 Bc8 29. g3 fxg3+ 30. hxg3 Bh6 31. a3 Kf7 32. axb4 axb4
33. Nxb4 Rb7 34. Nc6 Rxb3 35. Bc2 Rc3 36. Na5 Ba6 37. Bb3 Kf6 38. Rc2 Rxc2+
39. Bxc2 Ra8 40. Bd3 Bd2 41. Ra1 Bxc4 42. Bxc4 Bxa5 43. Ra4 Bb6+ 44. Ke2
Rxa4 45. Kd3 Ra3+ 46. Ke2 Re3+ 47. Kd2 Rxf3 48. Be2 Rxg3 49. Bxh5 f4 50. Be2
f3 51. Bxf3 Rxf3 52. Ke2 e4 53. Ke1 Ke5 54. Ke2 Kxd5 55. Ke1 Ke5 56. Ke2 Kf4
57. Ke1 Rf2 58. Kd1 Ke3 {White forfeits on time} 0-1

[Event "ICC Open 2015"]
[Site "Internet Chess Club"]
[Date "2015.05.30"]
[Round "7"]
[White "burbur"]
[Black "Talion"]
[Result "0-1"]
[ICCResult "White resigns"]
[WhiteElo "2567"]
[BlackElo "2825"]
[Opening "Modern defense"]
[ECO "A40"]
[NIC "QO.17"]
[Time "15:23:37"]
[TimeControl "180+0"]

1. d4 g6 2. Nf3 Bg7 3. g3 b6 4. Bg2 Bb7 5. O-O e6 6. c4 d6 7. Nc3 Nd7 8. d5
e5 9. e4 Ne7 10. Qe2 O-O 11. Bd2 a5 12. b3 Nc5 13. Rab1 c6 14. dxc6 Nxc6 15.
Nd5 Nd4 16. Nxd4 exd4 17. Rfe1 Re8 18. Qf3 Bxd5 19. exd5 Qd7 20. a3 Rxe1+
21. Rxe1 Re8 22. Rxe8+ Qxe8 23. b4 axb4 24. axb4 Na4 25. Bf1 Nc3 26. c5 bxc5
27. bxc5 dxc5 28. d6 Be5 29. Bf4 Bxf4 30. Qxf4 Qe6 31. h4 Nd5 32. d7 Qxd7
33. Qb8+ Kg7 34. Qe5+ f6 35. Qb8 Qc7 36. Qa8 Nb6 37. Qe8 c4 38. h5 gxh5 39.
Qxh5 d3 40. Qf5 Qe5 41. Qg4+ Kf8 42. Qh4 h5 {White resigns} 0-1

[Event "ICC Open 2015"]
[Site "Internet Chess Club"]
[Date "2015.05.30"]
[Round "7"]
[White "DogGambit"]
[Black "JArookie"]
[Result "0-1"]
[ICCResult "White resigns"]
[WhiteElo "1684"]
[BlackElo "1975"]
[Opening "KGA: bishop's gambit"]
[ECO "C33"]
[NIC "KG.03"]
[Time "15:23:28"]
[TimeControl "180+0"]

1. e4 e5 2. f4 exf4 3. Bc4 d6 4. Nf3 g5 5. d4 Bg7 6. O-O Nc6 7. c3 h6 8. g3
Bh3 9. Re1 fxg3 10. hxg3 Nf6 11. Bb3 O-O 12. Na3 Bg4 13. Rf1 Qe7 14. Qd3
Rae8 15. Bc2 Bh5 16. Re1 Bg6 17. Qb5 Nd8 18. Bd2 c6 19. Qb3 Nxe4 20. Qa4 d5
21. Qxa7 Qd6 22. Ne5 Nxd2 23. Bxg6 fxg6 24. Rad1 Ne4 25. Nxg6 Qxg6
{White resigns}
0-1

[Event "ICC Open 2015"]
[Site "Internet Chess Club"]
[Date "2015.05.30"]
[Round "7"]
[White "aplusk"]
[Black "kurumania"]
[Result "1/2-1/2"]
[ICCResult "Game drawn by repetition"]
[WhiteElo "2908"]
[BlackElo "2852"]
[Opening "Trompowsky attack (Ruth, Opocenský opening)"]
[ECO "A45"]
[NIC "QP.07"]
[Time "15:23:25"]
[TimeControl "180+0"]

1. d4 Nf6 2. Bg5 Ne4 3. h4 c5 4. d5 Qa5+ 5. Nd2 d6 6. c3 Nxd2 7. Qxd2 Nd7 8.
e4 h6 9. Bf4 Nf6 10. Bd3 e6 11. dxe6 Bxe6 12. Nf3 Rd8 13. c4 Qxd2+ 14. Bxd2
Be7 15. Bc3 O-O 16. O-O-O Ng4 17. Rhf1 a6 18. Kc2 Rb8 19. a4 b6 20. b3 Rbe8
21. Rde1 Bd8 22. g3 Re7 23. Nd2 Bc8 24. f3 Ne5 25. Be2 f5 26. f4 Nc6 27. Bh5
fxe4 28. Nxe4 Bf5 29. Bf3 Rfe8 30. Kd3 b5 31. axb5 axb5 32. g4 bxc4+ 33.
bxc4 Nb4+ 34. Bxb4 Bxe4+ 35. Bxe4 cxb4 36. Bd5+ Kf8 37. Rxe7 Rxe7 38. Rb1
Bb6 39. Rxb4 Re3+ 40. Kd2 Ba5 41. Kxe3 Bxb4 42. Ke4 Ke7 43. Kf5 Bd2 44. Kg6
Kf8 45. f5 Be1 46. g5 hxg5 47. hxg5 Bd2 48. f6 gxf6 49. Kxf6 Bc3+ 50. Ke6
Bb4 51. Kf6 Bc3+ 52. Kg6 Bd4 53. Kf5 Kg7 54. Ke6 Bc5 55. Be4 Bb4 56. Kd5 Bc5
57. g6 Ba3 58. Ke6 Bc5 59. Kf5 Bb4 60. Bd5 Bc5 61. Be6 Bb4 62. Bd5 Bc5 63.
Be6 Bb4 64. Bd5 Bc5 65. Be6 {Game drawn by repetition} 1/2-1/2

[Event "ICC Open 2015"]
[Site "Internet Chess Club"]
[Date "2015.05.30"]
[Round "7"]
[White "pierredams"]
[Black "toll"]
[Result "1-0"]
[ICCResult "Black forfeits on time"]
[WhiteElo "2022"]
[BlackElo "1718"]
[Opening "Center game: Paulsen attack"]
[ECO "C22"]
[NIC "KP.04"]
[Time "15:22:53"]
[TimeControl "180+0"]

1. e4 e5 2. d4 exd4 3. Qxd4 Nc6 4. Qe3 b6 5. Nc3 Bc5 6. Qg3 Nf6 7. Bd2 Nd4
8. O-O-O Bb7 9. f3 g6 10. Bc4 Qe7 11. Nge2 Nxe2+ 12. Nxe2 O-O-O 13. Bg5 h6
14. Bd2 Kb8 15. Rhe1 Nh5 16. Qg4 Bc8 17. e5 Qxe5 18. Bc3 Qe7 19. Bxh8 d5 20.
Nc3 Qf8 21. Qh4 Qxh8 22. Nxd5 Bb7 23. g4 Ng7 24. Qf6 Ne6 25. Qxf7 Nd4 26.
Qxg6 Nxf3 27. Rf1 Ba3 28. Qf6 Qxf6 29. Nxf6 {Black forfeits on time} 1-0